 Dungeon Crawl Stone Soup version 0.29-a0-25-g7f48f510a0 (webtiles) character file.

Game seed: 17409868223717138246

61 lmSkywalker the Caller (level 4, -1/30 HPs)
             Began as a Merfolk Summoner on Feb 1, 2022.
             Slain by Terence (7 damage)
             ... on level 2 of the Dungeon.
             The game lasted 00:06:27 (2209 turns).

lmSkywalker the Caller (Merfolk Summoner)           Turns: 2209, Time: 00:06:28

Health: -1/30      AC:  2    Str:  8    XL:     4   Next: 7%
Magic:  5/8        EV: 12    Int: 16    God:
Gold:   83         SH:  0    Dex: 14    Spells: 6/9 levels left

rFire   . . .      SeeInvis .   g - +2 rapier (drain)
rCold   . . .      Faith    .   (no shield)
rNeg    . . .      Spirit   .   a - +0 robe
rPois   .          Reflect  .   (no helmet)
rElec   .          Harm     .   (no cloak)
rCorr   .          Rampage  .   (no gloves)
Will    .....                   (no boots)
Stlth   ++........              (no amulet)
HPRegen 0.10/turn               (no ring)
MPRegen 0.11/turn               (no ring)

@: no status effects
A: (nimble swimmer 2), mertail
a: no special abilities


You were on level 2 of the Dungeon.
You visited 1 branch of the dungeon, and saw 2 of its levels.

You collected 83 gold pieces.

Inventory:

Hand Weapons
 g - a +2 rapier of draining (weapon)
Missiles
 d - 52 stones
 f - 6 boomerangs
Armour
 a - a +0 robe (worn)
Scrolls
 b - 5 scrolls of identify {unknown}
 c - a scroll of teleportation {unknown}
 e - a scroll of fog {unknown}
 h - a scroll of enchant weapon {unknown}
 j - a scroll of noise {unknown}
Potions
 i - a potion of brilliance {unknown}
 k - a potion of lignification {unknown}


   Skills:
 - Level 2.6 Dodging
 - Level 2.1 Stealth
 + Level 3.1 Spellcasting
 + Level 4.8 Summonings


You had 6 spell levels left.
You knew the following spells:

 Your Spells              Type           Power      Damage    Failure   Level
a - Summon Small Mammal   Summ           68%        N/A       2%          1
b - Call Imp              Summ           17%        N/A       3%          2

Your spell library contained the following spells:

 Spells                   Type           Power      Damage    Failure   Level
 Call Canine Familiar     Summ           17%        N/A       8%          3
 Summon Guardian Golem    Hex/Summ       10%        N/A       21%         3
 Summon Lightning Spire   Summ/Air       10%        N/A       56%         4


Dungeon Overview and Level Annotations

Branches:
Dungeon (2/15)

Altars:

Annotations:
D:2 Terence


Innate Abilities, Weirdness & Mutations

((You are very nimble when in or above water. (Stealth+, EV+, Speed+++)))
Your lower body shifts to a powerful aquatic tail in water.


Message History

Terence hits your crimson imp but does no damage.
Terence hits your rat with a +0 hand axe.
Your rat dies!
Your rat's corpse disappears in a puff of smoke!
Your crimson imp hits Terence but does no damage.
Terence misses you.
Terence hits your crimson imp but does no damage.
You hit Terence.
Terence is almost dead.
The bat barely misses you.
Your crimson imp barely misses Terence.
Terence closely misses you.
Terence hits your crimson imp with a +0 hand axe.
You closely miss Terence.
Terence is severely wounded.
The bat hits you but does no damage. The bat closely misses you.
Your crimson imp closely misses Terence.
Terence barely misses you.
Terence hits your crimson imp but does no damage.
Your crimson imp completely misses Terence.
You barely miss Terence.
Terence is severely wounded.
The bat closely misses you. Terence hits you with a +0 hand axe.
* * * LOW HITPOINT WARNING * * *
Terence hits your crimson imp with a +0 hand axe.
Your crimson imp barely misses Terence.
You closely miss Terence.
Terence is severely wounded.
The bat hits you.
* * * LOW HITPOINT WARNING * * *
Terence closely misses you. Terence barely misses your crimson imp.
Your crimson imp barely misses Terence.
You closely miss Terence.
Terence is severely wounded.
The bat hits you.
* * * LOW HITPOINT WARNING * * *
Terence closely misses you.
Terence closely misses your crimson imp.
Your crimson imp hits Terence but does no damage.
The bat closely misses you. Terence hits you with a +0 hand axe!
You die...

# ........# # ........#
# ........# # ........+
# ........# #
....[..5#+##########
......@............#####
......b@?..........+....
...................#.###
...................#.#
########...........#.#
#...........#.#
#.........[.#.#
#...........#.#
.............#.#
...####..#####.#


You could see Terence (drained, ally target), a bat and a friendly crimson imp
(summoned).

Vanquished Creatures
  An adder (D:2)
  A dart slug (D:1)
  3 ball pythons
  4 bats
  5 endoplasms
  2 hobgoblins (D:1)
  3 jackals (D:1)
  A quokka (D:2)
  A frilled lizard (D:2)
  2 kobolds
  6 rats
29 creatures vanquished.

Vanquished Creatures (collateral kills)
  An adder (D:2)
  3 endoplasms (D:1)
  A giant cockroach (D:1)
  A hobgoblin (D:1)
  A bat (D:1)
  A kobold (D:1)
  A rat (D:1)
9 creatures vanquished.

Vanquished Creatures (others)
  5 plants (D:1)
5 creatures vanquished.

Grand Total: 43 creatures vanquished

Notes
Turn   | Place    | Note
-------+----------+-------------------------------------------
     0 | D:1      | lmSkywalker the Merfolk Summoner began the quest for the
                  | Orb.
     0 | D:1      | Reached XP level 1. HP: 13/13 MP: 3/3
   582 | D:1      | Reached XP level 2. HP: 16/19 MP: 1/5
   727 | D:1      | Learned a level 2 spell: Call Imp
  1130 | D:1      | Found a faded altar of an unknown god.
  1376 | D:1      | Reached XP level 3. HP: 24/24 MP: 3/6
  2097 | D:2      | Reached XP level 4. HP: 26/30 MP: 3/8
  2184 | D:2      | Noticed Terence
  2209 | D:2      | Slain by Terence

Illustrated notes

Levels and vault maps discovered:
D:1:      dpeg_arrival_concentric_ovals, layout_loops_cross,
          shapermc_ecumenical_altar_ellora, minmay_tetromino_s2
D:2:      layout_basic, uniq_crazy_yiuf_cottage, uniq_terence

Skill      XL: |  1  2  3 |
---------------+----------+-----
Spellcasting   | 3 |  3.1
Dodging        | |  2.6
Stealth        | |  2.1
Summonings     | |  4.8

Action                   |  1- 3 |  4- 6 || total
-------------------------+-------+-------++-------
Melee: Unarmed           |    19 |       ||    19
       Club              |     6 |       ||     6
       Rapier            |    46 |    12 ||    58
 Cast: Summon Small Mamm |    15 |     3 ||    18
       Call Imp          |    15 |     1 ||    16
 Stab: Sleeping          |     7 |       ||     7
Armor: Robe              |    18 |     2 ||    20
Dodge: Dodged            |    46 |    23 ||    69

Table legend: (Time is in decaauts)
 A = Elapsed time spent in this place.
 B = Non-inter-level travel time spent in this place.
 C = Inter-level travel time spent in this place.
 D = Time resting spent in this place.
 E = Time spent auto-exploring this place.
 F = Levels seen in this place.
 G = Mean time per level.
                   A        B        C        D        E       F      G
               +--------+--------+--------+--------+--------+-----+--------+
         Total |   2221 |   2181 |     40 |     68 |   1533 |   2 | 1110.5 |
       Dungeon |   2221 |   2181 |     40 |     68 |   1533 |   2 | 1110.5 |
               +--------+--------+--------+--------+--------+-----+--------+

Top non-repeatable levels by time:
     D:1: 1793 daAuts
     D:2: 427 daAuts
